[ AOE2 MATCH · #462287136 ]
UnrankedSpanish vs Poles
[ REPLAY ANALYSIS · EXTRACTED FROM THE RECORDED GAME ]
Feudal
25:06
Castle
—
Imperial
—
| APM avg | 31.4 |
| APM peak | 105 |
| eAPM avg | 15.4 |
| Villagers / military | 59 / 66 |
Focus
⚔️ 30.0% · 🌾 70.0%
Militia ×51 · Skirmisher ×9 · Spearman ×6
Feudal
17:31
Castle
24:47
Imperial
—
| APM avg | 36.0 |
| APM peak | 99 |
| eAPM avg | 20.5 |
| Villagers / military | 51 / 20 |
Focus
⚔️ 46.3% · 🌾 53.7%
Knight ×8 · Obuch ×6 · Mangonel ×3 · Scout Cavalry ×2 · Battering Ram ×1
Feudal
12:32
Castle
17:28
Imperial
33:58
| APM avg | 24.1 |
| APM peak | 64 |
| eAPM avg | 16.3 |
| Villagers / military | 136 / 67 |
Focus
⚔️ 22.7% · 🌾 77.3%
Knight ×61 · Trade Cart ×25 · Throwing Axeman ×5 · Monk ×1
Feudal
13:58
Castle
25:40
Imperial
37:31
| APM avg | 20.8 |
| APM peak | 53 |
| eAPM avg | 9.4 |
| Villagers / military | 72 / 12 |
Focus
⚔️ 17.2% · 🌾 82.8%
War Elephant ×6 · Spearman ×4 · Monk ×1 · Trebuchet (Packed) ×1
Feudal
12:20
Castle
18:13
Imperial
41:27
| APM avg | 19.4 |
| APM peak | 41 |
| eAPM avg | 11.4 |
| Villagers / military | 76 / 36 |
Focus
⚔️ 18.1% · 🌾 81.9%
Battering Ram ×17 · Teutonic Knight ×14 · Petard ×3 · Monk ×1 · Mangonel ×1
Feudal
13:19
Castle
27:48
Imperial
—
| APM avg | 31.9 |
| APM peak | 77 |
| eAPM avg | 15.3 |
| Villagers / military | 85 / 95 |
Focus
⚔️ 33.8% · 🌾 66.2%
Skirmisher ×47 · Spearman ×25 · Cavalry Archer ×18 · Militia ×5
Feudal
32:52
Castle
—
Imperial
—
| APM avg | 11.8 |
| APM peak | 45 |
| eAPM avg | 4.9 |
| Villagers / military | 37 / 0 |
Focus
⚔️ 25.0% · 🌾 75.0%
Feudal
—
Castle
—
Imperial
—
| APM avg | 10.1 |
| APM peak | 33 |
| eAPM avg | 6.2 |
| Villagers / military | 50 / 40 |
Focus
⚔️ 21.3% · 🌾 78.7%
Militia ×22 · Janissary ×10 · Spearman ×7 · Monk ×1
Match map
Initial resources + every placement click. Lines = walls · curves = elevation contours. ◆ gold · ⬟ stone · ● berries · ✦ relic · ◌ wall gap
Your base· ✓ Closed at 40:35 · 30t walls · 2 gate(s)
Shaheen's base· ✓ Closed at 24:47 · 52t walls · 2 gate(s)
KillBill61's base· ✓ Closed at 17:28 · 36t walls · no gate
C 5's base· ✓ Closed at 25:40 · 40t walls · 2 gate(s)
EdaX's base· ✓ Closed at 18:13 · 9t walls · no gate
outrageousoctopus60337's base· ✓ Closed at 27:48 · 18t walls · no gate
JorDaN's base· ✓ Closed at 12:00 · 25t walls · no gate
Ous9121's base· ✓ Closed at 27:22 · 27t walls · no gate
Smoothed initial terrain · ◌ = detected wall gap · hover for details
Inputs per minute
— zug0 - - Shaheen
Build order — zug0
First 150 of 209 actions detected
| 0:03 | Build | House |
| 0:04 | Build | House |
| 0:05 | Create | Villager (Male) |
| 0:06 | Research | Loom |
| 0:06 | Create | Villager (Male) |
| 0:07 | Create | Villager (Male) |
| 0:07 | Create | Villager (Male) |
| 2:16 | Build | Palisade Wall |
| 2:29 | Create | Villager (Male) |
| 3:04 | Create | Villager (Male) |
| 3:05 | Create | Villager (Male) |
| 3:22 | Build | Palisade Wall |
| 3:25 | Build | Palisade Wall |
| 3:46 | Create | Villager (Male) |
| 3:46 | Create | Villager (Male) |
| 4:50 | Create | Villager (Male) |
| 5:43 | Create | Villager (Male) |
| 6:33 | Create | Villager (Male) |
| 6:33 | Create | Villager (Male) |
| 6:34 | Create | Villager (Male) |
| 6:34 | Create | Villager (Male) |
| 6:37 | Build | House |
| 7:06 | Create | Villager (Male) |
| 7:07 | Create | Villager (Male) |
| 7:09 | Create | Villager (Male) |
| 7:09 | Create | Villager (Male) |
| 8:09 | Build | House |
| 8:39 | Build | Palisade Wall |
| 8:43 | Build | Palisade Wall |
| 8:44 | Build | Palisade Wall |
| 9:26 | Create | Villager (Male) |
| 9:27 | Create | Villager (Male) |
| 9:27 | Create | Villager (Male) |
| 9:27 | Create | Villager (Male) |
| 10:41 | Create | Villager (Male) |
| 10:42 | Create | Villager (Male) |
| 10:50 | Build | Mill |
| 11:12 | Build | House |
| 11:21 | Build | Lumber Camp |
| 12:08 | Create | Villager (Male) |
| 13:49 | Build | Barracks |
| 14:03 | Build | House |
| 14:12 | Build | Palisade Gate |
| 14:15 | Build | House |
| 14:31 | Build | House |
| 14:42 | Create | Villager (Male) |
| 14:42 | Create | Villager (Male) |
| 14:43 | Create | Villager (Male) |
| 14:43 | Create | Villager (Male) |
| 14:44 | Create | Villager (Male) |
| 15:36 | Create | Militia |
| 15:37 | Create | Militia |
| 15:48 | Build | Mill |
| 16:15 | Build | House |
| 17:01 | Create | Villager (Male) |
| 17:02 | Create | Villager (Male) |
| 17:06 | Create | Villager (Male) |
| 17:22 | Build | Lumber Camp |
| 17:35 | Build | Mining Camp |
| 18:00 | Create | Villager (Male) |
| 18:01 | Create | Villager (Male) |
| 18:01 | Create | Villager (Male) |
| 18:38 | Build | House |
| 18:47 | Create | Militia |
| 18:49 | Create | Militia |
| 19:07 | Create | Villager (Male) |
| 19:17 | Create | Villager (Male) |
| 19:17 | Create | Villager (Male) |
| 19:29 | Create | Militia |
| 19:30 | Create | Militia |
| 19:34 | Build | Barracks |
| 20:32 | Create | Villager (Male) |
| 20:45 | Build | Palisade Wall |
| 20:53 | Build | Palisade Gate |
| 21:08 | Create | Villager (Male) |
| 21:16 | Build | Farm |
| 21:16 | Build | Farm |
| 21:22 | Build | Farm |
| 22:19 | Build | Farm |
| 22:19 | Build | Farm |
| 22:19 | Build | Farm |
| 22:19 | Build | Farm |
| 22:31 | Build | Farm |
| 22:31 | Build | Farm |
| 22:31 | Build | Farm |
| 22:32 | Build | Farm |
| 22:56 | Research | Feudal Age |
| 23:03 | Build | Farm |
| 23:03 | Build | Farm |
| 23:05 | Build | Farm |
| 24:13 | Build | Barracks |
| 24:34 | Create | Militia |
| 24:35 | Create | Militia |
| 24:36 | Create | Militia |
| 24:37 | Create | Militia |
| 24:38 | Create | Militia |
| 24:40 | Create | Militia |
| 24:41 | Create | Militia |
| 25:06 | Age | Feudal Age |
| 25:23 | Research | Man-at-Arms (upgrade) |
| 25:28 | Research | Arson |
| 25:36 | Build | Blacksmith |
| 25:43 | Build | Stable |
| 25:46 | Research | Double-Bit Axe |
| 25:49 | Research | Horse Collar |
| 25:59 | Create | Villager (Male) |
| 25:59 | Create | Villager (Male) |
| 26:17 | Research | Scale Mail Armor |
| 26:34 | Build | Watch Tower |
| 26:42 | Create | Militia |
| 26:42 | Create | Militia |
| 26:48 | Build | House |
| 26:51 | Build | House |
| 27:02 | Create | Militia |
| 27:03 | Create | Militia |
| 28:46 | Create | Militia |
| 28:47 | Create | Militia |
| 28:47 | Create | Militia |
| 28:49 | Create | Militia |
| 28:49 | Create | Militia |
| 28:55 | Research | Forging |
| 30:30 | Create | Militia |
| 30:31 | Create | Militia |
| 30:32 | Create | Militia |
| 30:32 | Create | Militia |
| 30:33 | Create | Militia |
| 30:34 | Create | Militia |
| 30:34 | Create | Militia |
| 30:35 | Create | Militia |
| 30:38 | Create | Villager (Male) |
| 30:39 | Create | Villager (Male) |
| 30:39 | Create | Villager (Male) |
| 30:39 | Create | Villager (Male) |
| 30:49 | Build | Farm |
| 30:49 | Build | Farm |
| 30:49 | Build | Farm |
| 30:50 | Build | Farm |
| 30:51 | Build | Farm |
| 30:52 | Build | Farm |
| 30:52 | Build | Farm |
| 32:00 | Create | Militia |
| 32:01 | Create | Militia |
| 32:01 | Create | Militia |
| 32:02 | Create | Militia |
| 32:02 | Create | Militia |
| 32:23 | Create | Militia |
| 32:27 | Create | Militia |
| 32:28 | Create | Militia |
| 32:32 | Create | Villager (Male) |
| 32:33 | Create | Villager (Male) |
Build order — Shaheen
139 actions detected in the replay
| 0:02 | Build | House |
| 0:04 | Build | House |
| 0:08 | Build | House |
| 0:10 | Research | Loom |
| 0:10 | Create | Villager (Male) ×4 |
| 0:10 | Create | Villager (Male) ×4 |
| 1:03 | Build | Palisade Wall |
| 1:07 | Build | Palisade Wall |
| 1:47 | Build | Palisade Wall |
| 2:37 | Build | Palisade Wall |
| 3:06 | Create | Villager (Male) |
| 3:06 | Create | Villager (Male) |
| 3:06 | Create | Villager (Male) |
| 3:51 | Build | Outpost |
| 4:02 | Create | Villager (Male) |
| 5:00 | Create | Villager (Male) |
| 5:00 | Create | Villager (Male) |
| 5:11 | Create | Villager (Male) |
| 5:12 | Create | Villager (Male) |
| 5:48 | Create | Villager (Male) |
| 5:48 | Create | Villager (Male) |
| 6:50 | Create | Villager (Male) |
| 8:03 | Create | Villager (Male) |
| 8:03 | Create | Villager (Male) |
| 8:26 | Create | Villager (Male) |
| 8:27 | Create | Villager (Male) |
| 9:01 | Build | Palisade Wall |
| 9:01 | Build | Palisade Wall |
| 9:15 | Create | Villager (Male) |
| 9:51 | Build | Palisade Gate |
| 10:00 | Build | Mill |
| 10:04 | Create | Villager (Male) |
| 10:10 | Build | House |
| 10:11 | Build | House |
| 10:12 | Build | House |
| 10:13 | Build | House |
| 10:13 | Build | House |
| 10:53 | Build | House |
| 10:57 | Build | House |
| 11:27 | Build | Palisade Wall |
| 11:30 | Build | House |
| 11:32 | Build | House |
| 11:36 | Build | Palisade Wall |
| 12:09 | Build | Mining Camp |
| 12:19 | Build | Lumber Camp |
| 12:26 | Create | Villager (Male) ×4 |
| 12:27 | Create | Villager (Male) |
| 12:50 | Create | Villager (Male) |
| 12:51 | Create | Villager (Male) |
| 12:51 | Create | Villager (Male) |
| 13:15 | Create | Villager (Male) |
| 13:16 | Create | Villager (Male) |
| 14:02 | Build | Palisade Wall |
| 14:32 | Build | Mill |
| 15:20 | Research | Feudal Age |
| 15:43 | Build | Mill |
| 15:51 | Build | Palisade Gate |
| 17:07 | Build | Barracks |
| 17:15 | Create | Villager (Male) |
| 17:16 | Create | Villager (Male) |
| 17:16 | Create | Villager (Male) |
| 17:31 | Age | Feudal Age |
| 17:33 | Research | Double-Bit Axe |
| 17:35 | Research | Horse Collar |
| 17:40 | Research | Wheelbarrow |
| 17:41 | Create | Villager (Male) ×2 |
| 18:29 | Build | Market |
| 18:38 | Create | Villager (Male) ×5 |
| 18:53 | Build | Blacksmith |
| 20:06 | Build | Mining Camp |
| 20:54 | Build | Stone Wall |
| 20:58 | Build | Stone Wall |
| 20:59 | Build | Stone Wall |
| 21:00 | Build | Stone Wall |
| 21:22 | Build | Farm |
| 21:23 | Build | Farm |
| 22:07 | Research | Castle Age |
| 22:44 | Build | Farm |
| 22:45 | Build | Farm |
| 22:45 | Build | Farm |
| 22:45 | Build | Farm |
| 22:45 | Build | Farm |
| 22:46 | Build | Farm |
| 22:46 | Build | Farm |
| 22:53 | Build | Farm |
| 23:07 | Build | Farm |
| 23:11 | Build | Farm |
| 23:54 | Build | Stable |
| 24:28 | Build | Stable |
| 24:47 | Age | Castle Age |
| 24:48 | Research | Gold Mining |
| 24:48 | Research | Stone Mining |
| 25:08 | Research | Hand Cart |
| 25:09 | Research | Hand Cart |
| 25:25 | Build | Stone Wall |
| 25:32 | Build | Siege Workshop |
| 25:39 | Create | Knight |
| 25:39 | Create | Knight |
| 25:45 | Build | Mining Camp |
| 25:48 | Create | Knight |
| 25:58 | Create | Knight |
| 26:09 | Build | Stone Wall |
| 26:22 | Build | Lumber Camp |
| 26:23 | Create | Villager (Male) |
| 27:03 | Create | Knight ×2 |
| 27:19 | Build | Stone Wall |
| 27:20 | Create | Battering Ram |
| 27:28 | Create | Knight |
| 28:03 | Create | Villager (Male) ×3 |
| 28:17 | Build | Town Center |
| 28:32 | Create | Villager (Male) ×2 |
| 28:53 | Build | Stone Wall |
| 29:05 | Build | Stone Wall |
| 29:07 | Build | Stone Wall |
| 29:08 | Build | Stone Wall |
| 29:13 | Build | Mining Camp |
| 29:40 | Build | Castle |
| 30:22 | Build | Lumber Camp |
| 30:29 | Build | Stone Wall |
| 30:33 | Build | Stone Wall |
| 30:55 | Create | Mangonel |
| 31:08 | Create | Obuch |
| 31:08 | Create | Obuch |
| 31:34 | Create | Mangonel |
| 32:01 | Create | Mangonel |
| 32:47 | Build | Stone Wall |
| 32:57 | Research | Light Cavalry (upgrade) |
| 32:58 | Research | Bloodlines |
| 32:58 | Research | Husbandry |
| 32:59 | Create | Scout Cavalry ×2 |
| 33:12 | Build | Farm |
| 33:25 | Create | Obuch |
| 33:51 | Create | Obuch |
| 33:52 | Create | Obuch |
| 34:35 | Create | Obuch |
| 35:02 | Build | Farm |
| 35:15 | Build | Gate |
| 36:16 | Create | Knight |
| 36:30 | Build | Stone Wall |
Build order — KillBill61
First 150 of 328 actions detected
| 0:00 | Create | Villager (Male) |
| 0:01 | Create | Villager (Male) |
| 0:01 | Create | Villager (Male) |
| 0:02 | Create | Villager (Male) |
| 0:03 | Build | House |
| 0:05 | Build | House |
| 1:30 | Create | Villager (Male) |
| 1:31 | Create | Villager (Male) |
| 1:46 | Build | Lumber Camp |
| 1:52 | Create | Villager (Male) |
| 2:26 | Create | Villager (Male) |
| 2:53 | Create | Villager (Male) |
| 3:10 | Research | Loom |
| 3:13 | Build | House |
| 3:19 | Build | House |
| 3:21 | Create | Villager (Male) |
| 3:43 | Create | Villager (Male) |
| 4:14 | Create | Villager (Male) |
| 4:58 | Build | Palisade Wall |
| 4:59 | Build | Palisade Wall |
| 5:12 | Create | Villager (Male) |
| 5:12 | Create | Villager (Male) |
| 5:36 | Create | Villager (Male) |
| 5:48 | Build | Mining Camp |
| 5:54 | Create | Villager (Male) |
| 5:55 | Create | Villager (Male) |
| 7:04 | Build | House |
| 7:10 | Create | Villager (Male) |
| 7:30 | Build | House |
| 7:30 | Create | Villager (Male) |
| 7:30 | Create | Villager (Male) |
| 7:31 | Create | Villager (Male) |
| 7:31 | Create | Villager (Male) |
| 7:41 | Build | House |
| 7:54 | Create | Villager (Male) |
| 7:54 | Create | Villager (Male) |
| 7:54 | Create | Villager (Male) |
| 8:42 | Create | Villager (Male) |
| 8:42 | Create | Villager (Male) |
| 8:43 | Create | Villager (Male) |
| 8:53 | Build | Mill |
| 9:18 | Build | Palisade Wall |
| 9:48 | Research | Feudal Age |
| 9:53 | Create | Villager (Male) |
| 9:53 | Create | Villager (Male) |
| 10:00 | Research | Feudal Age |
| 11:23 | Build | Mining Camp |
| 11:49 | Create | Villager (Male) |
| 11:50 | Create | Villager (Male) |
| 12:32 | Age | Feudal Age |
| 12:34 | Build | Market |
| 12:38 | Build | Blacksmith |
| 12:53 | Build | Farm |
| 12:54 | Build | Farm |
| 12:54 | Build | Farm |
| 12:55 | Build | Farm |
| 13:09 | Build | Stone Wall |
| 13:11 | Build | Stone Wall |
| 13:12 | Build | Stone Wall |
| 13:18 | Build | Farm |
| 13:27 | Create | Villager (Male) |
| 13:29 | Build | Farm |
| 13:41 | Build | Farm |
| 13:51 | Create | Villager (Male) |
| 14:48 | Research | Castle Age |
| 14:58 | Build | House |
| 15:19 | Build | Stone Wall |
| 15:20 | Build | Stone Wall |
| 15:22 | Build | Stone Wall |
| 15:35 | Build | Farm |
| 16:54 | Create | Villager (Male) |
| 16:55 | Create | Villager (Male) |
| 16:55 | Create | Villager (Male) |
| 16:58 | Build | House |
| 17:28 | Age | Castle Age |
| 17:30 | Build | Town Center |
| 17:41 | Build | Town Center |
| 18:08 | Create | Villager (Male) |
| 18:08 | Create | Villager (Male) |
| 18:22 | Build | Mining Camp |
| 18:40 | Create | Villager (Male) |
| 18:40 | Create | Villager (Male) |
| 18:55 | Research | Double-Bit Axe |
| 18:56 | Create | Villager (Male) |
| 19:15 | Create | Villager (Male) |
| 19:18 | Build | Farm |
| 19:22 | Build | Farm |
| 19:27 | Create | Villager (Male) |
| 19:27 | Create | Villager (Male) |
| 19:27 | Create | Villager (Male) |
| 19:31 | Build | Farm |
| 19:41 | Build | Farm |
| 19:48 | Build | Farm |
| 19:58 | Build | House |
| 19:59 | Build | House |
| 20:02 | Create | Villager (Male) |
| 20:02 | Create | Villager (Male) |
| 20:11 | Create | Villager (Male) |
| 20:14 | Build | House |
| 20:15 | Build | House |
| 20:19 | Build | Farm |
| 20:26 | Build | Farm |
| 20:31 | Create | Villager (Male) |
| 20:31 | Create | Villager (Male) |
| 20:31 | Create | Villager (Male) |
| 20:35 | Build | Farm |
| 20:45 | Build | Farm |
| 20:51 | Create | Villager (Male) |
| 20:52 | Create | Villager (Male) |
| 20:57 | Create | Villager (Male) |
| 21:11 | Build | Farm |
| 21:13 | Build | Farm |
| 21:16 | Build | Farm |
| 21:18 | Build | Farm |
| 21:22 | Create | Villager (Male) |
| 21:22 | Create | Villager (Male) |
| 21:26 | Create | Villager (Male) |
| 21:48 | Create | Villager (Male) |
| 21:48 | Create | Villager (Male) |
| 21:49 | Create | Villager (Male) |
| 21:55 | Build | House |
| 21:55 | Build | House |
| 21:57 | Build | House |
| 21:57 | Build | House |
| 21:58 | Build | House |
| 22:06 | Build | Farm |
| 22:11 | Build | Farm |
| 22:12 | Build | Farm |
| 22:16 | Create | Villager (Male) |
| 22:17 | Create | Villager (Male) |
| 22:17 | Create | Villager (Male) |
| 22:19 | Build | Farm |
| 22:38 | Research | Bow Saw |
| 22:43 | Create | Villager (Male) |
| 22:43 | Create | Villager (Male) |
| 22:44 | Create | Villager (Male) |
| 22:47 | Build | Farm |
| 22:51 | Build | Farm |
| 22:55 | Build | Farm |
| 23:00 | Build | Farm |
| 23:06 | Build | Farm |
| 23:09 | Create | Villager (Male) |
| 23:09 | Create | Villager (Male) |
| 23:09 | Create | Villager (Male) |
| 23:17 | Build | Farm |
| 23:24 | Create | Villager (Male) |
| 23:25 | Create | Villager (Male) |
| 23:26 | Create | Villager (Male) |
| 23:39 | Research | Stone Mining |
| 23:44 | Build | House |
Build order — C 5
First 150 of 202 actions detected
| 0:05 | Research | Loom |
| 0:16 | Build | Palisade Wall |
| 0:34 | Create | Villager (Male) |
| 0:34 | Create | Villager (Male) |
| 0:34 | Create | Villager (Male) |
| 0:34 | Create | Villager (Male) |
| 0:35 | Create | Villager (Male) |
| 1:10 | Build | House |
| 1:12 | Build | House |
| 1:56 | Build | House |
| 1:57 | Build | House |
| 3:37 | Create | Villager (Male) |
| 3:37 | Create | Villager (Male) |
| 3:38 | Create | Villager (Male) |
| 4:34 | Create | Villager (Male) |
| 4:34 | Create | Villager (Male) |
| 5:19 | Create | Villager (Male) |
| 5:19 | Create | Villager (Male) |
| 5:19 | Create | Villager (Male) |
| 5:20 | Create | Villager (Male) |
| 6:17 | Create | Villager (Male) |
| 6:18 | Create | Villager (Male) |
| 6:18 | Create | Villager (Male) |
| 6:18 | Create | Villager (Male) |
| 6:19 | Create | Villager (Male) |
| 6:39 | Create | Villager (Male) |
| 7:04 | Create | Villager (Male) |
| 7:59 | Create | Villager (Male) |
| 7:59 | Create | Villager (Male) |
| 7:59 | Create | Villager (Male) |
| 9:26 | Build | Mill |
| 10:22 | Create | Villager (Male) |
| 10:22 | Create | Villager (Male) |
| 11:25 | Build | Mining Camp |
| 11:45 | Build | Mill |
| 11:51 | Research | Feudal Age |
| 12:45 | Build | Lumber Camp |
| 13:58 | Age | Feudal Age |
| 14:03 | Research | Wheelbarrow |
| 14:04 | Research | Horse Collar |
| 14:09 | Research | Double-Bit Axe |
| 14:12 | Create | Villager (Male) |
| 14:12 | Create | Villager (Male) |
| 14:13 | Create | Villager (Male) |
| 14:44 | Build | Stone Wall |
| 14:48 | Build | Gate |
| 14:51 | Build | Stone Wall |
| 15:23 | Build | Mining Camp |
| 16:02 | Build | Stone Wall |
| 16:15 | Create | Villager (Male) |
| 16:16 | Create | Villager (Male) |
| 16:16 | Create | Villager (Male) |
| 16:29 | Build | House |
| 16:30 | Build | House |
| 16:31 | Build | House |
| 16:33 | Build | House |
| 16:55 | Build | Stone Wall |
| 16:59 | Build | Gate |
| 17:05 | Build | Stone Wall |
| 17:32 | Build | Blacksmith |
| 18:02 | Build | Stone Wall |
| 18:15 | Build | Farm |
| 18:17 | Build | Farm |
| 18:19 | Create | Villager (Male) |
| 18:19 | Create | Villager (Male) |
| 18:24 | Build | Farm |
| 18:37 | Build | Farm |
| 19:02 | Build | Stone Wall |
| 19:07 | Build | Stone Wall |
| 19:22 | Build | Barracks |
| 19:33 | Build | Farm |
| 19:36 | Build | Farm |
| 19:37 | Create | Villager (Male) |
| 19:38 | Create | Villager (Male) |
| 19:41 | Build | Farm |
| 20:33 | Build | Farm |
| 20:36 | Build | Farm |
| 20:40 | Create | Villager (Male) |
| 20:40 | Create | Villager (Male) |
| 20:58 | Build | Farm |
| 21:20 | Build | Farm |
| 21:23 | Create | Villager (Male) |
| 21:23 | Create | Villager (Male) |
| 21:45 | Build | Market |
| 21:51 | Create | Spearman |
| 21:51 | Create | Spearman |
| 22:07 | Build | Watch Tower |
| 22:29 | Create | Villager (Male) |
| 22:29 | Create | Villager (Male) |
| 23:14 | Research | Castle Age |
| 24:05 | Build | Watch Tower |
| 24:22 | Create | Spearman |
| 24:22 | Create | Spearman |
| 24:58 | Build | Farm |
| 25:10 | Build | Farm |
| 25:40 | Age | Castle Age |
| 25:42 | Research | Pikeman (upgrade) |
| 25:54 | Build | Castle |
| 26:07 | Research | Hand Cart |
| 26:08 | Research | Heavy Plow |
| 26:26 | Build | Lumber Camp |
| 26:29 | Research | Bow Saw |
| 27:05 | Research | Gold Mining |
| 27:08 | Create | Villager (Male) |
| 27:08 | Create | Villager (Male) |
| 27:43 | Create | Villager (Male) |
| 27:43 | Create | Villager (Male) |
| 27:45 | Build | Farm |
| 27:47 | Create | Villager (Male) |
| 27:47 | Create | Villager (Male) |
| 27:47 | Create | Villager (Male) |
| 27:48 | Create | Villager (Male) |
| 27:48 | Create | Villager (Male) |
| 28:56 | Build | Town Center |
| 29:45 | Build | House |
| 29:46 | Build | House |
| 29:47 | Build | House |
| 29:51 | Create | Villager (Male) |
| 31:59 | Build | Farm |
| 32:00 | Build | Farm |
| 32:03 | Build | Farm |
| 32:04 | Build | Farm |
| 32:05 | Create | Villager (Male) |
| 32:05 | Create | Villager (Male) |
| 32:06 | Create | Villager (Male) |
| 33:17 | Build | Farm |
| 33:20 | Build | Farm |
| 33:21 | Build | Farm |
| 33:22 | Create | Villager (Male) |
| 33:23 | Create | Villager (Male) |
| 33:23 | Create | Villager (Male) |
| 33:30 | Create | Villager (Male) |
| 33:30 | Create | Villager (Male) |
| 33:30 | Create | Villager (Male) |
| 33:39 | Build | House |
| 33:40 | Build | House |
| 33:41 | Build | House |
| 34:00 | Build | Farm |
| 34:10 | Build | Farm |
| 34:34 | Build | Farm |
| 34:40 | Build | Mining Camp |
| 34:46 | Research | Imperial Age |
| 35:10 | Create | War Elephant |
| 35:10 | Create | War Elephant |
| 35:22 | Research | Stone Mining |
| 35:32 | Build | Lumber Camp |
| 35:37 | Build | Lumber Camp |
| 35:43 | Research | Scale Mail Armor |
| 35:50 | Create | Villager (Male) |
| 35:50 | Create | Villager (Male) |
Build order — EdaX
First 150 of 173 actions detected
| 0:02 | Create | Villager (Male) ×4 |
| 0:04 | Build | House |
| 0:28 | Build | House |
| 0:55 | Build | Palisade Wall |
| 1:07 | Build | Palisade Wall |
| 1:42 | Create | Villager (Male) |
| 1:54 | Research | Loom |
| 2:39 | Create | Villager (Male) |
| 3:24 | Build | Lumber Camp |
| 3:26 | Create | Villager (Male) |
| 4:09 | Create | Villager (Male) |
| 4:37 | Create | Villager (Male) |
| 5:12 | Create | Villager (Male) |
| 5:13 | Create | Villager (Male) |
| 5:28 | Build | House |
| 5:43 | Create | Villager (Male) |
| 6:02 | Create | Villager (Male) |
| 6:34 | Create | Villager (Male) |
| 6:45 | Build | Mill |
| 6:58 | Create | Villager (Male) |
| 7:52 | Create | Villager (Male) |
| 8:54 | Create | Villager (Male) |
| 8:55 | Create | Villager (Male) |
| 9:02 | Build | House |
| 9:20 | Create | Villager (Male) |
| 9:54 | Build | Farm |
| 9:55 | Build | Farm |
| 9:56 | Build | Farm |
| 10:10 | Research | Feudal Age |
| 10:25 | Build | Mining Camp |
| 11:06 | Build | Mill |
| 11:11 | Create | Villager (Male) |
| 11:25 | Create | Villager (Male) |
| 12:05 | Build | Mining Camp |
| 12:08 | Create | Villager (Male) |
| 12:20 | Age | Feudal Age |
| 12:48 | Create | Villager (Male) |
| 14:23 | Create | Villager (Male) |
| 14:24 | Create | Villager (Male) |
| 14:28 | Build | House |
| 14:35 | Build | Market |
| 14:43 | Build | Blacksmith |
| 15:33 | Research | Castle Age |
| 18:13 | Age | Castle Age |
| 18:24 | Build | Castle |
| 18:35 | Create | Villager (Male) |
| 18:35 | Create | Villager (Male) |
| 18:50 | Create | Villager (Male) |
| 19:12 | Build | Siege Workshop |
| 19:14 | Create | Villager (Male) |
| 19:14 | Create | Villager (Male) |
| 19:24 | Create | Villager (Male) |
| 20:28 | Build | Town Center |
| 21:23 | Create | Villager (Male) |
| 21:23 | Create | Villager (Male) |
| 21:24 | Create | Villager (Male) |
| 21:37 | Create | Villager (Male) |
| 21:37 | Create | Villager (Male) |
| 21:37 | Create | Villager (Male) |
| 21:58 | Build | Farm |
| 22:34 | Create | Villager (Male) |
| 22:38 | Build | Farm |
| 22:39 | Create | Villager (Male) |
| 22:46 | Build | Farm |
| 22:47 | Build | Farm |
| 22:48 | Build | Farm |
| 22:50 | Build | Farm |
| 22:51 | Build | Farm |
| 22:53 | Build | Farm |
| 22:56 | Build | Farm |
| 22:58 | Build | Farm |
| 23:03 | Create | Villager (Male) |
| 23:05 | Create | Villager (Male) |
| 23:40 | Research | Ironclad |
| 24:01 | Create | Villager (Male) |
| 24:02 | Create | Villager (Male) |
| 24:09 | Create | Battering Ram |
| 24:29 | Create | Villager (Male) |
| 24:30 | Create | Villager (Male) |
| 24:39 | Build | Monastery |
| 24:56 | Create | Battering Ram |
| 25:02 | Research | Double-Bit Axe |
| 25:21 | Build | Gate |
| 25:26 | Build | Stone Wall |
| 25:27 | Build | Stone Wall |
| 25:30 | Create | Teutonic Knight |
| 25:32 | Create | Battering Ram |
| 25:42 | Build | Farm |
| 25:43 | Build | Farm |
| 25:44 | Build | Farm |
| 25:45 | Build | Farm |
| 25:47 | Build | Farm |
| 25:48 | Build | Farm |
| 25:51 | Build | Farm |
| 25:56 | Build | Farm |
| 25:59 | Create | Villager (Male) |
| 25:59 | Create | Villager (Male) |
| 25:59 | Create | Villager (Male) |
| 25:59 | Create | Villager (Male) |
| 26:00 | Create | Villager (Male) |
| 26:00 | Create | Villager (Male) |
| 26:14 | Create | Teutonic Knight |
| 26:15 | Create | Teutonic Knight |
| 26:23 | Create | Teutonic Knight |
| 26:45 | Build | Barracks |
| 27:08 | Create | Teutonic Knight |
| 27:08 | Create | Teutonic Knight |
| 27:08 | Create | Teutonic Knight |
| 27:14 | Build | House |
| 27:15 | Build | House |
| 27:16 | Build | House |
| 27:41 | Create | Battering Ram |
| 27:52 | Build | Mining Camp |
| 28:11 | Create | Monk |
| 28:35 | Create | Teutonic Knight |
| 28:36 | Create | Teutonic Knight |
| 28:40 | Create | Villager (Male) ×5 |
| 28:48 | Build | Mining Camp |
| 28:50 | Create | Villager (Male) ×2 |
| 29:12 | Create | Battering Ram |
| 29:22 | Build | Archery Range |
| 29:34 | Create | Mangonel |
| 29:47 | Research | Scale Mail Armor |
| 29:52 | Build | Farm |
| 29:53 | Build | Farm |
| 29:56 | Build | Farm |
| 29:57 | Build | Farm |
| 29:58 | Build | Farm |
| 30:01 | Build | Farm |
| 30:02 | Build | Farm |
| 30:04 | Build | Farm |
| 30:06 | Create | Villager (Male) ×5 |
| 30:20 | Build | House |
| 30:20 | Build | House |
| 30:21 | Build | House |
| 30:21 | Build | House |
| 30:21 | Build | House |
| 30:21 | Build | House |
| 30:22 | Build | House |
| 30:22 | Build | House |
| 30:22 | Build | House |
| 30:50 | Create | Petard |
| 30:50 | Create | Petard |
| 30:51 | Create | Petard |
| 31:17 | Research | Squires |
| 31:18 | Research | Pikeman (upgrade) |
| 31:23 | Build | Barracks |
| 31:26 | Create | Villager (Male) |
| 31:27 | Create | Villager (Male) |
| 31:50 | Create | Battering Ram |
Build order — outrageousoctopus60337
First 150 of 251 actions detected
| 0:03 | Build | House |
| 0:04 | Build | House |
| 0:05 | Create | Villager (Male) |
| 0:05 | Create | Villager (Male) |
| 0:05 | Create | Villager (Male) |
| 0:07 | Create | Villager (Male) |
| 1:52 | Create | Villager (Male) |
| 1:53 | Create | Villager (Male) |
| 2:21 | Create | Villager (Male) |
| 3:35 | Create | Villager (Male) |
| 3:35 | Create | Villager (Male) |
| 3:35 | Create | Villager (Male) |
| 3:50 | Create | Villager (Male) |
| 4:27 | Build | Palisade Wall |
| 4:28 | Build | Palisade Wall |
| 4:29 | Build | Palisade Wall |
| 4:32 | Build | Palisade Wall |
| 4:33 | Build | Palisade Wall |
| 4:35 | Build | Palisade Wall |
| 4:39 | Build | Palisade Wall |
| 5:02 | Create | Villager (Male) |
| 5:35 | Build | House |
| 6:15 | Create | Villager (Male) |
| 6:16 | Create | Villager (Male) |
| 6:16 | Create | Villager (Male) |
| 7:09 | Build | Mill |
| 8:00 | Build | Lumber Camp |
| 8:24 | Create | Villager (Male) |
| 8:24 | Create | Villager (Male) |
| 8:25 | Create | Villager (Male) |
| 8:26 | Create | Villager (Male) |
| 8:53 | Create | Villager (Male) |
| 8:54 | Create | Villager (Male) |
| 9:50 | Build | House |
| 10:01 | Create | Villager (Male) |
| 11:01 | Create | Villager (Male) |
| 11:01 | Create | Villager (Male) |
| 11:01 | Create | Villager (Male) |
| 11:07 | Research | Feudal Age |
| 11:36 | Build | Barracks |
| 12:00 | Build | Barracks |
| 12:12 | Create | Villager (Male) |
| 12:12 | Create | Villager (Male) |
| 13:19 | Age | Feudal Age |
| 13:25 | Create | Villager (Male) |
| 13:26 | Create | Villager (Male) |
| 13:26 | Create | Villager (Male) |
| 13:59 | Build | Blacksmith |
| 14:05 | Build | Market |
| 14:19 | Create | Militia |
| 14:22 | Create | Militia |
| 14:23 | Create | Militia |
| 14:24 | Create | Militia |
| 14:25 | Create | Militia |
| 14:29 | Build | House |
| 14:35 | Build | House |
| 15:07 | Build | Farm |
| 15:08 | Build | Farm |
| 15:15 | Build | Farm |
| 15:16 | Build | Farm |
| 15:20 | Build | Farm |
| 15:21 | Build | Farm |
| 15:22 | Build | Farm |
| 15:25 | Build | Farm |
| 15:27 | Build | Farm |
| 15:28 | Build | Farm |
| 16:59 | Create | Spearman |
| 17:00 | Create | Spearman |
| 17:01 | Create | Spearman |
| 17:01 | Create | Spearman |
| 17:02 | Create | Spearman |
| 17:02 | Create | Spearman |
| 17:03 | Create | Spearman |
| 17:15 | Build | House |
| 17:16 | Build | House |
| 17:23 | Build | Farm |
| 18:43 | Create | Spearman |
| 18:43 | Create | Spearman |
| 18:43 | Create | Spearman |
| 18:54 | Create | Spearman |
| 20:10 | Build | Archery Range |
| 20:12 | Build | Archery Range |
| 20:13 | Build | Archery Range |
| 20:33 | Build | Mining Camp |
| 21:31 | Build | Palisade Wall |
| 21:39 | Create | Skirmisher |
| 21:39 | Create | Skirmisher |
| 21:39 | Create | Skirmisher |
| 21:40 | Create | Skirmisher |
| 21:40 | Create | Skirmisher |
| 21:43 | Create | Villager (Male) |
| 21:43 | Create | Villager (Male) |
| 21:43 | Create | Villager (Male) |
| 21:43 | Create | Villager (Male) |
| 21:44 | Create | Villager (Male) |
| 21:44 | Create | Villager (Male) |
| 21:44 | Create | Villager (Male) |
| 21:48 | Research | Double-Bit Axe |
| 21:51 | Research | Horse Collar |
| 22:11 | Build | Farm |
| 23:26 | Create | Villager (Male) |
| 23:26 | Create | Villager (Male) |
| 23:27 | Create | Villager (Male) |
| 24:22 | Build | House |
| 24:23 | Build | House |
| 24:28 | Build | House |
| 25:04 | Research | Castle Age |
| 25:31 | Create | Villager (Male) |
| 25:31 | Create | Villager (Male) |
| 25:47 | Create | Skirmisher |
| 25:47 | Create | Skirmisher |
| 25:47 | Create | Skirmisher |
| 25:48 | Create | Skirmisher |
| 25:48 | Create | Skirmisher |
| 25:48 | Create | Skirmisher |
| 25:50 | Create | Skirmisher |
| 25:50 | Create | Skirmisher |
| 25:51 | Create | Skirmisher |
| 25:51 | Create | Skirmisher |
| 25:51 | Create | Skirmisher |
| 25:52 | Create | Skirmisher |
| 25:52 | Create | Skirmisher |
| 25:53 | Create | Skirmisher |
| 26:15 | Build | House |
| 27:48 | Age | Castle Age |
| 29:59 | Build | Archery Range |
| 29:59 | Build | Archery Range |
| 30:00 | Build | Archery Range |
| 30:01 | Build | Archery Range |
| 30:01 | Build | Archery Range |
| 30:01 | Build | Archery Range |
| 30:05 | Create | Skirmisher |
| 30:06 | Create | Skirmisher |
| 30:06 | Create | Skirmisher |
| 30:06 | Create | Skirmisher |
| 30:07 | Create | Skirmisher |
| 30:07 | Create | Skirmisher |
| 30:07 | Create | Skirmisher |
| 30:24 | Research | Thumb Ring |
| 30:38 | Create | Skirmisher |
| 30:50 | Create | Villager (Male) |
| 30:50 | Create | Villager (Male) |
| 30:51 | Create | Villager (Male) |
| 30:51 | Create | Villager (Male) |
| 30:51 | Create | Villager (Male) |
| 30:53 | Create | Villager (Male) |
| 31:51 | Build | Town Center |
| 32:24 | Create | Skirmisher |
| 32:24 | Create | Skirmisher |
| 32:25 | Create | Skirmisher |
Build order — JorDaN
45 actions detected in the replay
| 0:04 | Research | Loom |
| 0:05 | Create | Villager (Male) ×4 |
| 0:05 | Create | Villager (Male) ×4 |
| 0:18 | Build | House |
| 0:20 | Build | House |
| 0:21 | Build | House |
| 0:49 | Build | Palisade Wall |
| 3:34 | Create | Villager (Male) |
| 3:34 | Create | Villager (Male) |
| 5:06 | Create | Villager (Male) |
| 5:07 | Create | Villager (Male) |
| 5:22 | Build | Palisade Wall |
| 6:09 | Create | Villager (Male) |
| 6:54 | Create | Villager (Male) |
| 7:48 | Build | Palisade Wall |
| 8:11 | Create | Villager (Male) |
| 8:33 | Build | House |
| 8:47 | Build | House |
| 12:32 | Create | Villager (Male) |
| 18:10 | Create | Villager (Male) |
| 19:14 | Create | Villager (Male) |
| 20:04 | Create | Villager (Male) |
| 20:47 | Create | Villager (Male) |
| 21:22 | Create | Villager (Male) |
| 22:45 | Create | Villager (Male) |
| 22:45 | Create | Villager (Male) |
| 22:46 | Create | Villager (Male) |
| 22:46 | Create | Villager (Male) |
| 23:59 | Create | Villager (Male) |
| 24:00 | Create | Villager (Male) |
| 24:00 | Create | Villager (Male) |
| 24:00 | Create | Villager (Male) |
| 24:51 | Create | Villager (Male) |
| 26:32 | Build | Mill |
| 29:24 | Create | Villager (Male) |
| 29:24 | Create | Villager (Male) |
| 29:24 | Create | Villager (Male) |
| 29:30 | Build | Mill |
| 30:23 | Build | Lumber Camp |
| 30:42 | Research | Feudal Age |
| 32:52 | Age | Feudal Age |
| 32:56 | Create | Villager (Male) |
| 32:57 | Create | Villager (Male) |
| 32:57 | Create | Villager (Male) |
| 32:57 | Create | Villager (Male) |
Build order — Ous9121
100 actions detected in the replay
| 0:09 | Build | House |
| 0:10 | Research | Loom |
| 0:11 | Create | Villager (Male) |
| 0:11 | Create | Villager (Male) ×3 |
| 0:36 | Build | Palisade Wall |
| 2:07 | Create | Villager (Male) |
| 2:46 | Build | Palisade Wall |
| 4:47 | Build | House |
| 4:51 | Create | Villager (Male) ×5 |
| 5:23 | Create | Villager (Male) |
| 5:54 | Build | House |
| 6:27 | Create | Villager (Male) |
| 6:27 | Create | Villager (Male) |
| 7:02 | Create | Villager (Male) |
| 7:44 | Create | Villager (Male) |
| 7:49 | Create | Villager (Male) |
| 9:35 | Build | Lumber Camp |
| 11:04 | Build | Mining Camp |
| 11:13 | Create | Villager (Male) |
| 11:51 | Research | Feudal Age |
| 14:11 | Build | Barracks |
| 14:58 | Build | House |
| 15:00 | Build | House |
| 15:01 | Build | House |
| 15:07 | Create | Villager (Male) ×5 |
| 15:24 | Create | Militia |
| 15:25 | Create | Militia |
| 15:26 | Create | Militia |
| 15:27 | Create | Militia |
| 17:10 | Build | Barracks |
| 17:33 | Build | House |
| 17:35 | Build | House |
| 17:36 | Build | House |
| 17:38 | Build | House |
| 17:39 | Build | House |
| 18:14 | Build | Stone Wall |
| 18:58 | Research | Man-at-Arms (upgrade) |
| 18:59 | Create | Militia ×5 |
| 20:35 | Build | Mill |
| 21:26 | Build | Mining Camp |
| 21:49 | Build | Farm |
| 21:49 | Build | Farm |
| 21:50 | Build | Farm |
| 22:26 | Build | Farm |
| 22:26 | Build | Farm |
| 22:27 | Build | Farm |
| 22:27 | Build | Farm |
| 24:55 | Build | Farm |
| 24:55 | Build | Farm |
| 25:02 | Research | Horse Collar |
| 25:05 | Research | Double-Bit Axe |
| 25:16 | Build | Market |
| 25:27 | Build | Blacksmith |
| 25:33 | Build | Farm |
| 25:40 | Create | Villager (Male) |
| 25:40 | Create | Villager (Male) |
| 26:09 | Build | Farm |
| 26:16 | Build | Farm |
| 26:24 | Build | Farm |
| 26:39 | Build | Mining Camp |
| 27:22 | Research | Castle Age |
| 28:26 | Create | Militia ×5 |
| 28:26 | Create | Militia |
| 30:17 | Build | Town Center |
| 30:31 | Build | Town Center |
| 31:24 | Research | Stone Mining |
| 31:26 | Create | Villager (Male) ×5 |
| 31:54 | Research | Squires |
| 31:56 | Research | Long Swordsman (upgrade) |
| 31:57 | Create | Militia ×5 |
| 32:09 | Create | Villager (Male) |
| 32:50 | Create | Militia ×2 |
| 33:46 | Build | Castle |
| 34:01 | Build | Castle |
| 34:37 | Build | Castle |
| 34:41 | Create | Villager (Male) ×5 |
| 35:33 | Create | Villager (Male) ×3 |
| 35:44 | Build | Farm |
| 35:45 | Build | Farm |
| 35:45 | Build | Farm |
| 35:46 | Build | Farm |
| 36:10 | Build | Monastery |
| 36:34 | Create | Spearman ×5 |
| 36:37 | Create | Spearman |
| 36:43 | Create | Spearman |
| 36:56 | Create | Monk |
| 38:24 | Build | Castle |
| 38:34 | Create | Villager (Male) ×5 |
| 38:54 | Create | Villager (Male) ×5 |
| 39:45 | Build | Mining Camp |
| 40:28 | Create | Janissary ×5 |
| 40:29 | Create | Janissary ×5 |
| 40:50 | Create | Villager (Male) ×2 |
| 41:48 | Build | Farm |
| 41:48 | Build | Farm |
| 41:49 | Build | Farm |
| 41:50 | Build | Farm |
| 41:50 | Build | Farm |
| 41:52 | Build | Farm |
| 41:56 | Research | Heavy Plow |
Match timeline
| 0:16 | C 5 · wall_segment Palisade Wall x8 |
| 0:36 | Ous9121 · wall_segment Palisade Wall x8 |
| 0:49 | JorDaN · wall_segment Palisade Wall x7 |
| 0:55 | EdaX · wall_segment Palisade Wall x1 |
| 1:03 | Shaheen · wall_segment Palisade Wall x1 |
| 1:07 | EdaX · wall_segment Palisade Wall x8 |
| 1:07 | Shaheen · wall_segment Palisade Wall x6 |
| 1:47 | Shaheen · wall_segment Palisade Wall x1 |
| 2:16 | zug0 · wall_segment Palisade Wall x8 |
| 2:37 | Shaheen · wall_segment Palisade Wall x9 |
| 2:46 | Ous9121 · wall_segment Palisade Wall x11 |
| 3:22 | zug0 · wall_segment Palisade Wall x4 |
| 3:25 | zug0 · wall_segment Palisade Wall x4 |
| 4:27 | outrageousoctopus60337 · wall_segment Palisade Wall x1 |
| 4:28 | outrageousoctopus60337 · wall_segment Palisade Wall x1 |
| 4:29 | outrageousoctopus60337 · wall_segment Palisade Wall x1 |
| 4:32 | outrageousoctopus60337 · wall_segment Palisade Wall x1 |
| 4:33 | outrageousoctopus60337 · wall_segment Palisade Wall x1 |
| 4:35 | outrageousoctopus60337 · wall_segment Palisade Wall x1 |
| 4:39 | outrageousoctopus60337 · wall_segment Palisade Wall x1 |
| 4:58 | KillBill61 · wall_segment Palisade Wall x4 |
| 4:59 | KillBill61 · wall_segment Palisade Wall x5 |
| 5:22 | JorDaN · wall_segment Palisade Wall x12 |
| 7:48 | JorDaN · wall_segment Palisade Wall x6 |
| 8:39 | zug0 · wall_segment Palisade Wall x7 |
| 8:43 | zug0 · wall_segment Palisade Wall x1 |
| 8:44 | zug0 · wall_segment Palisade Wall x1 |
| 9:01 | Shaheen · wall_segment Palisade Wall x9 |
| 9:01 | Shaheen · wall_segment Palisade Wall x2 |
| 9:18 | KillBill61 · wall_segment Palisade Wall x7 |
| 11:27 | Shaheen · wall_segment Palisade Wall x1 |
| 11:36 | outrageousoctopus60337 · first_building Barracks |
| 11:36 | Shaheen · wall_segment Palisade Wall x1 |
| 12:20 | EdaX · age_up feudal |
| 12:32 | KillBill61 · age_up feudal |
| 13:09 | KillBill61 · wall_segment Stone Wall x1 |
| 13:11 | KillBill61 · wall_segment Stone Wall x3 |
| 13:12 | KillBill61 · wall_segment Stone Wall x4 |
| 13:19 | outrageousoctopus60337 · age_up feudal |
| 13:49 | zug0 · first_building Barracks |
| 13:58 | C 5 · age_up feudal |
| 14:02 | Shaheen · wall_segment Palisade Wall x9 |
| 14:11 | Ous9121 · first_building Barracks |
| 14:18 | KillBill61 · first_market_sell 100 wood |
| 14:24 | KillBill61 · first_market_buy 100 food |
| 14:44 | C 5 · wall_segment Stone Wall x3 |
| 14:51 | C 5 · wall_segment Stone Wall x3 |
| 15:19 | KillBill61 · wall_segment Stone Wall x8 |
| 15:20 | KillBill61 · wall_segment Stone Wall x1 |
| 15:22 | EdaX · first_market_buy 100 food |
| 15:22 | KillBill61 · wall_segment Stone Wall x4 |
| 15:32 | EdaX · first_market_sell 100 wood |
| 16:02 | C 5 · wall_segment Stone Wall x10 |
| 16:55 | C 5 · wall_segment Stone Wall x3 |
| 17:05 | C 5 · wall_segment Stone Wall x4 |
| 17:07 | Shaheen · first_building Barracks |
| 17:28 | KillBill61 · age_up castle |
| 17:31 | Shaheen · age_up feudal |
| 18:02 | C 5 · wall_segment Stone Wall x5 |
| 18:13 | EdaX · age_up castle |
| 18:14 | Ous9121 · wall_segment Stone Wall x8 |
| 18:24 | EdaX · first_building Castle |
| 19:02 | C 5 · wall_segment Stone Wall x1 |
| 19:07 | C 5 · wall_segment Stone Wall x3 |
| 19:12 | EdaX · first_building Siege Workshop |
| 19:22 | C 5 · first_building Barracks |
| 20:10 | outrageousoctopus60337 · first_building Archery Range |
| 20:45 | zug0 · wall_segment Palisade Wall x7 |
| 20:54 | Shaheen · wall_segment Stone Wall x9 |
| 20:58 | Shaheen · wall_segment Stone Wall x5 |
| 20:59 | Shaheen · wall_segment Stone Wall x1 |
| 21:00 | Shaheen · wall_segment Stone Wall x1 |
| 21:31 | outrageousoctopus60337 · wall_segment Palisade Wall x11 |
| 22:34 | Shaheen · first_market_sell 500 wood |
| 22:37 | Shaheen · first_market_buy 500 wood |
| 23:05 | C 5 · first_market_buy 100 food |
| 23:54 | Shaheen · first_building Stable |
| 24:14 | KillBill61 · first_building Barracks |
| 24:20 | KillBill61 · first_building Monastery |
| 24:39 | EdaX · first_building Monastery |
| 24:47 | Shaheen · age_up castle |
| 24:58 | outrageousoctopus60337 · first_market_sell 100 food |
| 25:06 | zug0 · age_up feudal |
| 25:25 | Shaheen · wall_segment Stone Wall x10 |
| 25:26 | EdaX · wall_segment Stone Wall x1 |
| 25:27 | EdaX · wall_segment Stone Wall x6 |
| 25:32 | Shaheen · first_building Siege Workshop |
| 25:40 | C 5 · age_up castle |
| 25:41 | KillBill61 · first_building Castle |
| 25:43 | zug0 · first_building Stable |
| 25:54 | C 5 · first_building Castle |
| 26:09 | Shaheen · wall_segment Stone Wall x1 |
| 26:45 | EdaX · first_building Barracks |
| 26:51 | KillBill61 · first_building Stable |
| 27:19 | Shaheen · wall_segment Stone Wall x1 |
| 27:48 | outrageousoctopus60337 · age_up castle |
| 28:53 | Shaheen · wall_segment Stone Wall x1 |
| 29:05 | Shaheen · wall_segment Stone Wall x5 |
| 29:07 | Shaheen · wall_segment Stone Wall x3 |
| 29:08 | Shaheen · wall_segment Stone Wall x1 |
| 29:17 | C 5 · tribute_sent a jugador 1 |
| 29:17 | C 5 · tribute_sent a jugador 2 |
| 29:17 | C 5 · tribute_sent a jugador 4 |
| 29:17 | C 5 · tribute_sent a jugador 5 |
| 29:17 | C 5 · tribute_sent a jugador 6 |
| 29:17 | C 5 · tribute_sent a jugador 7 |
| 29:17 | C 5 · tribute_sent a jugador 8 |
| 29:22 | EdaX · first_building Archery Range |
| 29:35 | C 5 · tribute_sent a jugador 1 |
| 29:35 | C 5 · tribute_sent a jugador 2 |
| 29:35 | C 5 · tribute_sent a jugador 4 |
| 29:35 | C 5 · tribute_sent a jugador 5 |
| 29:35 | C 5 · tribute_sent a jugador 6 |
| 29:35 | C 5 · tribute_sent a jugador 7 |
| 29:35 | C 5 · tribute_sent a jugador 8 |
| 29:40 | Shaheen · first_building Castle |
| 30:29 | Shaheen · wall_segment Stone Wall x1 |
| 30:33 | Shaheen · wall_segment Stone Wall x1 |
| 30:36 | C 5 · tribute_sent a jugador 1 |
| 30:36 | C 5 · tribute_sent a jugador 2 |
| 30:36 | C 5 · tribute_sent a jugador 4 |
| 30:36 | C 5 · tribute_sent a jugador 5 |
| 30:36 | C 5 · tribute_sent a jugador 6 |
| 30:36 | C 5 · tribute_sent a jugador 7 |
| 30:36 | C 5 · tribute_sent a jugador 8 |
| 32:47 | Shaheen · wall_segment Stone Wall x1 |
| 32:52 | JorDaN · age_up feudal |
| 33:46 | Ous9121 · first_building Castle |
| 33:58 | KillBill61 · age_up imperial |
| 34:50 | JorDaN · resign |
| 36:10 | Ous9121 · first_building Monastery |
| 36:30 | Shaheen · wall_segment Stone Wall x1 |
| 37:31 | C 5 · age_up imperial |
| 38:02 | C 5 · first_building Monastery |
| 39:24 | zug0 · first_building Archery Range |
| 39:54 | C 5 · wall_segment Stone Wall x3 |
| 39:56 | C 5 · wall_segment Stone Wall x4 |
| 41:27 | EdaX · age_up imperial |
[ AI ANALYSIS · 1 CREDIT ]
What really happened in this match?
Wolo.gg analyzes every decision: build order, eco, micro, common mistakes by bracket. Personalized analysis on WhatsApp or Discord in 30 seconds.
Civ guide
Spanish
Perfil
Jugador #17763142